 Dungeon Crawl Stone Soup version 0.28.0-43-g3370ac3207 (webtiles) character file.

Game seed: 14698805399508055087

24 Exporg the Shield-Bearer (level 3, 0/29 HPs)
             Began as a Formicid Fighter on Mar 3, 2022.
             Slain by a gnoll
             ... wielding a +0 halberd
              (3 damage)
             ... on level 2 of the Dungeon.
             The game lasted 00:00:56 (787 turns).

Exporg the Shield-Bearer (Formicid Fighter)          Turns: 787, Time: 00:00:57

Health: 0/29       AC:  8    Str: 20    XL:     3   Next: 15%
Magic:  3/3        EV:  9    Int:  7    God:
Gold:   35         SH:  5    Dex: 12    Spells: 2/2 levels left

rFire   . . .      SeeInvis +   a - +0 war axe
rCold   . . .      Faith    .   c - +0 buckler
rNeg    . . .      Spirit   .   b - +0 scale mail
rPois   .          Reflect  .   (helmet unavailable)
rElec   .          Harm     .   (no cloak)
rCorr   .          Rampage  .   (no gloves)
Will    .....                   g - +0 pair of boots
Stlth   ..........              (no amulet)
HPRegen 0.09/turn               (no ring)
MPRegen 0.08/turn               (no ring)

@: no status effects
A: permanent stasis, dig shafts and tunnels, antennae 3, four strong arms
a: Dig, Shaft Self


You were on level 2 of the Dungeon.
You visited 1 branch of the dungeon, and saw 2 of its levels.

You collected 35 gold pieces.

Inventory:

Hand Weapons
 a - a +0 war axe (weapon)
Armour
 b - a +0 scale mail (worn)
 c - a +0 buckler (worn)
 g - a +0 pair of boots (worn)
Scrolls
 e - a scroll of teleportation {unknown}
 f - 2 scrolls of identify {unknown}
Potions
 d - 2 potions of might
 h - a potion of heal wounds {unknown}


   Skills:
 + Level 3.6 Fighting
 + Level 2.4 Axes
 + Level 3.5 Armour
 + Level 0.1 Dodging
 + Level 4.1 Shields


You had 2 spell levels left.
You didn't know any spells.
Your spell library was empty.

Dungeon Overview and Level Annotations

Branches:
Dungeon (2/15)

Altars:


Innate Abilities, Weirdness & Mutations

You cannot be hasted, slowed, berserked, paralysed or teleported.
You can dig through walls and to a lower floor.
You have a pair of large antennae on your head. (SInv)
Your four strong arms can wield two-handed weapons with a shield.


Message History

You sense a monster nearby.
You sense a monster nearby.
A kobold comes into view. It is wielding a +0 dagger.
The kobold shouts!
A kobold is nearby!
The kobold throws a stone.
The stone hits you but does no damage.
The kobold throws a stone.
The stone hits you but does no damage. The kobold hits you but does no damage.
You closely miss the kobold. The kobold barely misses you.
You barely miss the kobold. The kobold barely misses you.
You block the kobold's attack.
You barely miss the kobold. The kobold hits you but does no damage.
You closely miss the kobold. The kobold hits you with a +0 dagger.
You slash the kobold!
You kill the kobold!
No target in view!
HP restored.
Things that are here:
a +0 dagger; 5 stones
f - 2 scrolls labelled LANORIOQEMP (gained 1)
Found a stone staircase leading down.
h - a viscous puce potion You sense a monster nearby. 4 gnolls come into view.
Found 28 stones.
The gnoll shouts! x2
The gnoll hits you from afar with a +0 halberd!
The gnoll barely misses you.
You hit the gnoll but do no damage. You block the gnoll's attack.
The gnoll hits you from afar with a +0 halberd!
* * * LOW HITPOINT WARNING * * *
The gnoll hits you with a +0 halberd.
* * * LOW HITPOINT WARNING * * *
You are too injured to fight recklessly!
You are too injured to fight recklessly!
The gnoll closely misses you.
There is a stone staircase leading down here.
The gnoll barely misses you.
The gnoll hits you from afar with a +0 halberd.
You die...

#.......#..#
#..........###
#......#.....#
#######......#..g#.#
.............#...#.#
.....).......##.g#.##
.........##....gg...#
.........##.####.#..#
.........##.##..@#..#
........###.####.#..#
######### #.##.#.#..#
#....#.#..##
####.#.#...#
#.#.....# #.#.###.#
#.#####.# #.......#


You could see 4 gnolls.

Vanquished Creatures
  A dart slug (D:1)
  3 ball pythons (D:1)
  A bat (D:1)
  5 endoplasms (D:1)
  A giant cockroach (D:1)
  A goblin (D:1)
  2 hobgoblins (D:1)
  4 kobolds
  A rat (D:1)
19 creatures vanquished.

Notes
Turn   | Place    | Note
-------+----------+-------------------------------------------
     0 | D:1      | Exporg the Formicid Fighter began the quest for the Orb.
     0 | D:1      | Reached XP level 1. HP: 18/18 MP: 1/1
   266 | D:1      | Reached XP level 2. HP: 24/24 MP: 2/2
   544 | D:1      | Reached skill level 4 in Shields
   559 | D:1      | Reached XP level 3. HP: 29/29 MP: 3/3
   787 | D:2      | Slain by a gnoll

Illustrated notes

Levels and vault maps discovered:
D:1:      matt_arrival_grand_opening, layout_rooms, hangedman_decor_growths
D:2:      layout_basic, serial_shops, shop

Skill      XL: |  1  2 |
---------------+-------+-----
Shields        | 4 |  4.1
Fighting       | |  3.6
Axes           | |  2.4
Armour         | |  3.5
Dodging        | |  0.1

Action                   || total
-------------------------++-------
Melee: War axe           ||    42
Armor: Scale mail        ||    25
Dodge: Dodged            ||    19
Block: Buckler           ||    11
